 Dungeon Crawl Stone Soup version 0.21.1-1-g345015f (webtiles) character file.

94 shakethe the Vexing (level 4, -6/21 HPs)
             Began as a Spriggan Enchanter on Feb 13, 2018.
             Mangled by an orc
             ... wielding a +0 flail
              (10 damage)
             ... on level 2 of the Dungeon.
             The game lasted 00:29:29 (3582 turns).

shakethe the Vexing (Spriggan Enchanter)            Turns: 3582, Time: 00:29:30

Health: -6/21      AC:  3    Str:  4    XL:     4   Next: 38%
Magic:  11/11      EV: 18    Int: 17    God:
Gold:   85         SH:  0    Dex: 16    Spells: 2/11 levels left

rFire    . . .     SeeInvis +   a - +2 dagger
rCold    . . .     Gourm    .   (shield restricted)
rNeg     . . .     Faith    .   r - +1 robe
rPois    .         Spirit   .   (helmet restricted)
rElec    .         Reflect  .   (no cloak)
rCorr    .         Harm     .   (gloves unavailable)
MR       .....                  (boots unavailable)
Stlth    ++........             (no amulet)
HPRegen  0.07/turn              s - ring of loudness (curse) {Stlth-}
MPRegen  0.12/turn              (no ring)

@: very quick
A: very small, unfitting armour, see invisible, herbivore, speed 3, slow
metabolism 2
a: no special abilities


You were on level 2 of the Dungeon.
You were very hungry.

You visited 1 branch of the dungeon, and saw 3 of its levels.

You collected 85 gold pieces.

Inventory:

Hand Weapons
 a - a +2 dagger (weapon)
 b - a +0 hunting sling
   (You took it off a goblin on level 2 of the Dungeon)
Missiles
 n - 57 stones (quivered)
 t - 22 sling bullets
Armour
 i - a +0 buckler
   (You found it on level 1 of the Dungeon)
 r - a +1 robe (worn)
Jewellery
 s - a cursed ring of loudness (left hand) {Stlth-}
   (You found it on level 2 of the Dungeon)
Scrolls
 p - a scroll of teleportation
Potions
 f - a potion of mutation {!q}
 g - a potion of flight {unknown}
 h - a potion of curing
 l - a potion of brilliance {unknown}
 m - a potion of heal wounds
Books
 c - a book of Maledictions
Comestibles
 d - 4 rations


   Skills:
 + Level 1.2 Short Blades
 - Level 3.1 Dodging
 + Level 4.5 Stealth
 * Level 4.2 Spellcasting
 + Level 4.6 Hexes
 + Level 1.1 Ice Magic


You had 2 spell levels left.
You knew the following spells:

 Your Spells              Type           Power        Failure   Level  Hunger
a - Tukima's Dance        Hex            ###.....     7%          3    ###....
e - Confuse               Hex            ###.....     7%          3    ###....
q - Corona                Hex            ###....      2%          1    None
w - Ensorcelled Hibernat  Hex/Ice        ##....       7%          2    ##.....


Dungeon Overview and Level Annotations

Branches:
Dungeon (3/15)

Altars:


Innate Abilities, Weirdness & Mutations

You are very small and have problems with some larger weapons.
You are too small for most types of armour.
You have supernaturally acute eyesight. (SInv)
You are a herbivore.
You cover ground extremely quickly.
You need consume almost no food.


Message History

A quokka comes into view.
The quokka barely misses you.
You hit the quokka but do no damage. The quokka barely misses you.
You hit the quokka. The quokka completely misses you.
You miss the quokka.
The quokka bites you but does no damage.
You closely miss the quokka. The quokka bites you.
You take 2 damage, and have 16/21 hp.
You hit the quokka.
You kill the quokka!
There is a stone staircase leading up here.
There is a stone staircase leading up here.
You see here a kobold corpse.
Health restored: 21 You see here 22 sling bullets.
You see here a dagger.
A rat comes into view.
The rat bites you.
You take 1 damage, and have 20/21 hp.
You hit the rat. The rat completely misses you.
You hit the rat. The rat bites you.
You take 1 damage, and have 19/21 hp.
You hit the rat.
You kill the rat!
You see here a dagger.
You see here 22 sling bullets.
t - 22 sling bullets Adjust (i)tems, (s)pells, or (a)bilities?
Adjust which item? (? for menu, Esc to quit)
r - an uncursed hunting sling Adjust to which letter? (? for menu, Esc to quit)
b - an uncursed hunting sling;
r - a +0 robe (worn)
b - a +0 hunting sling (weapon)
Quivering
t - 22 sling bullets for slings.
You see here a dagger.
Health restored: 21
a - a +1 dagger (weapon)
There is a stone staircase leading down here.
You climb downwards.
An adder, a rat and 5 orcs come into view.
The orc shouts! x4; The adder hisses angrily.
The orc shouts!
There is a stone staircase leading up here.
The orc closely misses you.
You climb upwards.
There is a stone staircase leading down here.
Aim: an orc, wielding a dagger and wearing a leather armour (chance to defeat MR: 62%)
The orc looks drowsy...
You now have 9/11 mp.
The helpless orc fails to defend itself.
You impale the orc!!
You kill the orc!
Things that are here:
a dagger; a leather armour; an orc corpse Oops, that ring feels deathly cold.
s - a cursed ring of loudness (left hand)
As you read the scroll labeled FYM HUEREANTOUSU, it crumbles to dust.
You feel strangely unstable.
It was a scroll of teleportation.
As you read the scroll labeled HETWAN VEON, it crumbles to dust.
It is a scroll of identify.
h - a potion of curing
As you read the scroll of identify, it crumbles to dust.
f - a potion of mutation
As you read the scroll labeled MAZILU NAFOA, it crumbles to dust.
It is a scroll of enchant armour.
Your +0 robe glows green for a moment.
Your surroundings suddenly seem different.
As you read the scroll labeled QAIPSY OMECE, it crumbles to dust.
You feel aware of your surroundings.
It was a scroll of magic mapping.
As you read the scroll labeled RIYGEDWUIRI, it crumbles to dust.
It is a scroll of enchant weapon.
Your +1 dagger glows red for a moment.
Blink to where?
Are you sure you want to cancel this blink?
Blink to where?
Are you sure you want to cancel this blink?
Blink to where?
There is a wall there.
Are you sure you want to cancel this blink?
Okay, then.
As you read the scroll labeled RUYPTITHULU, it crumbles to dust.
It was a scroll of blinking.
MP restored: 11
There is a stone staircase leading down here.
There is a stone staircase leading down here.
You climb downwards.
The adder bites you. The orc hits you but does no damage.
The orc hits you with a flail! The orc completely misses you.
The orc misses you. The rat bites you. The adder misses you.
There is a stone staircase leading up here.
You take 13 damage, and have 8/21 hp.
MASSIVE DAMAGE!!
The adder misses you. The orc closely misses you.
The rat completely misses you. The orc hits you with a club.
The orc barely misses you. The orc hits you with a war axe.
* * * LOW HITPOINT WARNING * * *
You climb upwards.
There is a stone staircase leading down here.
You take 4 damage, and have 4/21 hp.
The adder barely misses you. The orc hits you with a flail!
You die...

# #.#####.# #. # #.# #.#
#. # #.# #.############.
# #.# #.##........... #
##### #.#
#....##########
#######...###.# ####.#
..............# #.#
#####.......##########.#
#####........orS@ooo...#
...........<############
######.....## ##...##
#####


You could see an adder, 4 orcs and a rat.

Vanquished Creatures
  Robin (D:2)
  2 adders (D:2)
  An ooze (D:1)
  A worm (D:2)
  A leopard gecko (D:1)
  An orc (D:2)
  9 bats
  4 giant cockroaches (D:2)
  11 goblins
  7 hobgoblins
  2 jackals (D:1)
  A quokka (D:2)
  A frilled lizard (D:2)
  6 kobolds
  4 rats
52 creatures vanquished.

Notes
Turn   | Place    | Note
-------+----------+-------------------------------------------
     0 | D:1      | shakethe the Spriggan Enchanter began the quest for the Orb.
     0 | D:1      | Reached XP level 1. HP: 9/9 MP: 5/5
    78 | D:1      | HP: 2/9 [leopard gecko (4)]
   280 | D:1      | HP: 2/9 [leopard gecko (4)]
   490 | D:1      | HP: 2/9 [leopard gecko (4)]
  1067 | D:1      | Reached skill level 3 in Spellcasting
  1067 | D:1      | Reached XP level 2. HP: 13/13 MP: 7/7
  1148 | D:1      | Learned a level 2 spell: Ensorcelled Hibernation
  1166 | D:1      | Reached skill level 4 in Hexes
  1771 | D:1      | Reached XP level 3. HP: 15/16 MP: 8/8
  2324 | D:2      | Learned a level 3 spell: Confuse
  2328 | D:2      | Learned a level 3 spell: Tukima's Dance
  2783 | D:2      | Reached skill level 4 in Spellcasting
  2853 | D:2      | Noticed Robin
  2945 | D:2      | Reached XP level 4. HP: 17/21 MP: 1/11
  2974 | D:2      | Killed Robin
  3075 | D:2      | Reached skill level 1 in Ice Magic
  3580 | D:3      | HP: 4/21 [orc/war axe (3)]
  3582 | D:2      | Mangled by an orc

Skill      XL: |  1  2  3  4 |
---------------+-------------+-----
Spellcasting   | 3 4 |  4.2
Hexes          | 4 |  4.6
Ice Magic      | 1 |  1.1
Short Blades   | |  1.2
Dodging        | |  3.1
Stealth        | |  4.5

Action                   |  1- 3 |  4- 6 || total
-------------------------+-------+-------++-------
Melee: Dagger            |   131 |    52 ||   183
Throw: Stone             |     2 |       ||     2
 Cast: Corona            |     1 |       ||     1
       Ensorcelled Hiber |    24 |     7 ||    31
       Confuse           |     1 |       ||     1
  Use: Scroll            |       |     7 ||     7
 Stab: Sleeping          |    14 |     6 ||    20
       Distracted        |     1 |       ||     1
       Confused          |     1 |       ||     1
Armor: Robe              |    15 |     7 ||    22
Dodge: Dodged            |   103 |    44 ||   147

Vault maps used:
D:1:      lemuel_arrival_lava_pool, hangedman_abyss_or_decor_lesser_grid
D:2:      uniq_robin
D:3:      lemuel_doored_altar, first_ration, uniq_ijyb

Table legend:
 A = Turns spent in this place as a percentage of turns spent in the entire game.
 B = Non-inter-level travel turns spent in this place as a percentage of non-inter-level travel turns spent in the entire game.
 C = Inter-level travel turns spent in this place as a percentage of turns spent in this place.
 D = Turns resting spent in this place as a percentage of non-inter-level travel turns spent in this place.
 E = Turns spent auto-exploring this place as a percentage of non-inter-level travel turns spent in this place.
 F = Non-inter-level travel turns spent in this place divided by the number of levels of this place that you've seen.
                   A       B       C       D       E      F
               +-------+-------+-------+-------+-------+----------------------
         Total | 100.0 | 100.0 |   0.0 |   4.9 |   0.6 | 1194.0
       Dungeon | 100.0 | 100.0 |   0.0 |   4.9 |   0.6 | 1194.0
               +-------+-------+-------+-------+-------+----------------------

Table legend:
 A = Kills in this place as a percentage of kills in entire the game.
 B = Kills by you in this place as a percentage of kills by you in the entire game.
 C = Kills by friends in this place as a percentage of kills by friends in the entire game.
 D = Other kills in this place as a percentage of other kills in the entire game.
 E = Experience gained in this place as a percentage of experience gained in the entire game.
 F = Experience gained in this place divided by the number of levels of this place that you have seen.
                   A       B       C       D       E      F
               +-------+-------+-------+-------+-------+----------------------
         Total | 100.0 | 100.0 |   N/A |   N/A | 100.0 |  45.0
       Dungeon | 100.0 | 100.0 |   N/A |   N/A | 100.0 |  45.0
               +-------+-------+-------+-------+-------+----------------------
